 Dungeon Crawl Stone Soup version 0.22-a0-388-g09e6169 (webtiles) character file.

5 Mgcat the Insei (level 1, -3/13 HPs)
             Began as an Octopode Transmuter on Apr 29, 2018.
             Slain by an ooze (5 damage)
             ... on level 1 of the Dungeon.
             The game lasted 00:00:22 (74 turns).

Mgcat the Insei (Octopode Transmuter)                 Turns: 74, Time: 00:00:23

Health: -3/13      AC:  1    Str:  9    XL:     1   Next: 80%
Magic:  2/3        EV: 13    Int: 15    God:
Gold:   0          SH:  0    Dex: 12    Spells: 3/4 levels left

rFire    . . .     SeeInvis .     - Unarmed
rCold    . . .     Gourm    .   (no shield)
rNeg     . . .     Faith    .   (helmet restricted)
rPois    .         Spirit   .   (no amulet)
rElec    .         Reflect  .   (no ring)
rCorr    .         Harm     .   (no ring)
MR       .....                  (no ring)
Stlth    ++........             (no ring)
HPRegen  0.04/turn              (no ring)
MPRegen  0.08/turn              (no ring)
                                (no ring)
                                (no ring)

@: appendage (expiring)
A: almost no armour, stealthy swim, amphibious, 8 rings, constrict 8, tentacle
spike 3, camouflage 1, gelatinous body 1
a: End Transformation


You were on level 1 of the Dungeon.
You were not hungry.
One of your tentacles had a temporary spike.
You visited 1 branch of the dungeon, and saw 1 of its levels.

Inventory:

Missiles
 a - 12 arrows
Comestibles
 b - 2 chunks of flesh {@w0}
 c - a ration


   Skills:
 - Level 1.0 Fighting
 - Level 2.0 Dodging
 + Level 3.2 Unarmed Combat
 - Level 2.0 Spellcasting
 + Level 2.2 Transmutations


You had 3 spell levels left.
You knew the following spells:

 Your Spells              Type           Power        Failure   Level  Hunger
a - Beastly Appendage     Tmut           #.....       9%          1    #......


Dungeon Overview and Level Annotations

Branches:
Dungeon (1/15)

Altars:


Innate Abilities, Weirdness & Mutations

You cannot wear most types of armour.
You are very stealthy in the water. (Stealth+)
You are amphibious.
You can wear up to eight rings at the same time.
You can use your tentacles to constrict eight enemies at once.
Your skin changes colour to match your surroundings (Stealth+).
Your rubbery body absorbs attacks. (AC +1, EV +1)
One of your tentacles bears a large vicious spike.


Message History

One of your tentacles grows a vicious spike.
Your transformation is almost over.
The hobgoblin shouts!
The hobgoblin misses you.
You tentacle-slap the hobgoblin. You grab the hobgoblin.
You kill the hobgoblin!
No target in view!
No target in view!
No target in view!
Things that are here:
a club; a hobgoblin corpse You butcher the hobgoblin corpse.
b - 2 chunks of flesh {@w0}
Things that are here:
a club; a hobgoblin skeleton
Things that are here:
a club; a hobgoblin skeleton Your tentacle spike disappears.
A bat, a rat and a giant cockroach come into view.
Casting: Beastly Appendage (safe; 10% risk of failure)
Confirm with . or Enter, or press ? or * to list all spells.
You miscast Beastly Appendage.
You are very lightly contaminated with residual magic.
You smell something strange.
You see here a scroll labeled NAACEDEUXT.
Casting: Beastly Appendage (safe; 10% risk of failure)
Confirm with . or Enter, or press ? or * to list all spells.
One of your tentacles grows a vicious spike.
The giant cockroach bites you but does no damage.
The giant cockroach barely misses you.
You tentacle-slap the giant cockroach. You grab the giant cockroach.
You pierce the giant cockroach, but do no damage.
The giant cockroach is moderately wounded.
You constrict the giant cockroach. The bat hits you but does no damage.
The giant cockroach misses you.
You tentacle-slap the giant cockroach but do no damage.
You pierce the giant cockroach, but do no damage.
You squeeze the giant cockroach.
The giant cockroach is almost dead.
You constrict the giant cockroach.
You kill the giant cockroach!
The bat hits you.
You tentacle-slap the rat.
You kill the rat!
You tentacle-slap the bat but do no damage.
Your grab misses the bat.
Your tentacle spike misses the bat.
Your squeeze misses the bat. The bat misses you. The bat barely misses you.
You tentacle-slap the bat but do no damage.
Your grab misses the bat. The bat barely misses you. x2
You tentacle-slap the bat. Your grab misses the bat.
The bat is moderately wounded.
The bat closely misses you.
Your transformation is almost over.
The bat hits you. x2; The bat hits you but does no damage.
You see here a giant cockroach corpse.
You closely miss the bat. Your grab misses the bat. The bat hits you.
You are too injured to fight recklessly!
You are too injured to fight recklessly!
You are too injured to fight recklessly!
You are too injured to fight recklessly!
You are too injured to fight recklessly!
You are too injured to fight recklessly!
You are too injured to fight recklessly!
An ooze and a giant cockroach come into view.
The bat hits you but does no damage. The bat misses you.
A leopard gecko and a kobold come into view.
The kobold is wielding a short sword of draining.
The bat hits you but does no damage. x2
The ooze quivers.
You barely miss the ooze.
You pierce the ooze, but do no damage.
The bat hits you but does no damage. The ooze hits you.
The bat barely misses you. The bat hits you. The bat hits you.
* * * LOW HITPOINT WARNING * * *
You see here a scroll labeled NAACEDEUXT.
Your tentacle spike disappears.
The bat hits you but does no damage. The bat closely misses you.
Casting: Beastly Appendage (safe; 9% risk of failure)
Confirm with . or Enter, or press ? or * to list all spells.
One of your tentacles grows a vicious spike.
The bat misses you.
Your magical contamination has completely faded away.
The bat closely misses you. The bat hits you.
* * * LOW HITPOINT WARNING * * *
You miss the bat. You grab the bat.
Your tentacle spike misses the bat.
Your transformation is almost over.
You constrict the bat. The bat hits you but does no damage. x2
You closely miss the bat.
You pierce the bat.
You kill the bat!
You tentacle-slap the ooze but do no damage.
You pierce the ooze.
The ooze is lightly wounded.
The ooze barely misses you.
You tentacle-slap the ooze.
The ooze is lightly wounded.
The ooze hits you.
You die...

#....... .. #.....# .#
#....s# .# +.....# .#
#.....##.##.#
#...........# .#
#......#...K..# ###.#
#......######### #.+.#
#..$..†sJ@.....# #.#.#
#.....########.# #.#.#
#.....# #.#### #.#.#
####### #....# #.#.#
####.# <.'.# #.# #.#.# #.#
#.#.# #.#
#.#.####################.#


You could see an ooze and a giant cockroach.

Vanquished Creatures
  A giant cockroach (D:1)
  A hobgoblin (D:1)
  2 bats (D:1)
  A rat (D:1)
5 creatures vanquished.

Notes
Turn   | Place    | Note
-------+----------+-------------------------------------------
     0 | D:1      | Mgcat the Octopode Transmuter began the quest for the Orb.
     0 | D:1      | Reached XP level 1. HP: 13/13 MP: 3/3
    66 | D:1      | HP: 3/13 [bat (1)]
    74 | D:1      | Slain by an ooze

Vault maps used:
D:1:      minmay_arrival_three_doors

Action                   || total
-------------------------++-------
Melee: Unarmed           ||    14
       Kick              ||     6
       Constrict         ||     3
       Tentacles         ||     2
 Cast: Beastly Appendage ||     4
Armor: Skin              ||    10
Dodge: Dodged            ||    16

Table legend:
 A = Spawn XP
 B = Non-spawn XP
 C = Spawn XP percentage of total XP
 D = Spawn monster count
 E = Non-spawn monster count
 F = Spawn count percentage of total count
 G = Total turns spent on level
                    A         B        C        D         E        F      G
               +---------+---------+-------+---------+---------+-------+---------
         Total |       0 |       8 |   0.0 |       0 |       5 |   0.0 |    74
               +---------+---------+-------+---------+---------+-------+---------
           D:1 |       0 |       8 |   0.0 |       0 |       5 |   0.0 |    74
               +---------+---------+-------+---------+---------+-------+---------

Vault maps used:
D:1:      minmay_arrival_three_doors

Table legend:
 A = Turns spent in this place as a percentage of turns spent in the entire game.
 B = Non-inter-level travel turns spent in this place as a percentage of non-inter-level travel turns spent in the entire game.
 C = Inter-level travel turns spent in this place as a percentage of turns spent in this place.
 D = Turns resting spent in this place as a percentage of non-inter-level travel turns spent in this place.
 E = Turns spent auto-exploring this place as a percentage of non-inter-level travel turns spent in this place.
 F = Non-inter-level travel turns spent in this place divided by the number of levels of this place that you've seen.
                   A       B       C       D       E      F
               +-------+-------+-------+-------+-------+----------------------
         Total | 100.0 | 100.0 |   0.0 |   0.0 |  44.6 |  74.0
       Dungeon | 100.0 | 100.0 |   0.0 |   0.0 |  44.6 |  74.0
               +-------+-------+-------+-------+-------+----------------------

Table legend:
 A = Kills in this place as a percentage of kills in entire the game.
 B = Kills by you in this place as a percentage of kills by you in the entire game.
 C = Kills by friends in this place as a percentage of kills by friends in the entire game.
 D = Other kills in this place as a percentage of other kills in the entire game.
 E = Experience gained in this place as a percentage of experience gained in the entire game.
 F = Experience gained in this place divided by the number of levels of this place that you have seen.
                   A       B       C       D       E      F
               +-------+-------+-------+-------+-------+----------------------
         Total | 100.0 | 100.0 |   N/A |   N/A | 100.0 |   8.0
       Dungeon | 100.0 | 100.0 |   N/A |   N/A | 100.0 |   8.0
               +-------+-------+-------+-------+-------+----------------------
